 Dungeon Crawl Stone Soup version 0.18.1-48-g4cf74bf (webtiles) character file.

19 dorian the Slasher (level 2, 17/17 HPs)
             Began as a Tengu Skald on Aug 31, 2016.
             Quit the game on level 1 of the Dungeon.
             The game lasted 00:01:22 (833 turns).

dorian the Slasher (Tengu Skald)                     Turns: 833, Time: 00:01:22

Health: 17/17      AC:  3    Str: 12    XL:     2   Next: 75%
Magic:  6/6        EV: 12    Int: 12    God:
Gold:   33         SH:  0    Dex: 13    Spells: 1 memorised, 4 levels left

rFire  . . .     SeeInvis .     a - +0 falchion
rCold  . . .     Gourm    .     b - +0 leather armour
rNeg   . . .     Faith    .     (no shield)
rPois  .         Spirit   .     (helmet restricted)
rElec  .         Dismiss  .     (no cloak)
rCorr  .         Reflect  .     (no gloves)
SustAt .         Harm     .     (boots unavailable)
MR     .....                    (no amulet)
Stlth  +.........               (no ring)
                                (no ring)

@: not resistant to hostile enchantments, very unstealthy
A: beak, talons 3
a: no special abilities


You were on level 1 of the Dungeon.
You were not hungry.

You visited 1 branch of the dungeon, and saw 1 of its levels.

You collected 33 gold pieces.

Inventory:

Hand Weapons
 a - a +0 falchion (weapon)
Armour
 b - a +0 leather armour (worn)
Scrolls
 c - a scroll of noise {unknown}
 f - a scroll of enchant weapon {unknown}
 g - 2 scrolls of identify {unknown}
 j - a scroll of remove curse {unknown}
 k - a scroll of immolation {unknown}
Potions
 e - 3 potions of heal wounds {unknown}
 i - a potion of might {unknown}
Books
 A - a book of Battle

   Spells                             Type                      Level
   a - Infusion                       Charms                       1
   b - Shroud of Golubria             Charms/Translocation         2
   c - Song of Slaying                Charms                       2
   d - Spectral Weapon                Hexes/Charms                 3
   e - Regeneration                   Charms/Necromancy            3
Comestibles
 d - 2 bread rations
 h - 2 fruits
 Z - a chunk of flesh


   Skills:
 - Level 2.0 Fighting
 * Level 3.0 Long Blades
 - Level 1.1 Armour
 + Level 2.0 Dodging
 - Level 2.0 Spellcasting
 - Level 2.4 Charms


You had 4 spell levels left.
You knew the following spells:

 Your Spells              Type           Power        Failure   Level  Hunger
a - Infusion              Chrm           #...         17%         1    ##.....


Dungeon Overview and Level Annotations

Branches:
Dungeon (1/15)

Altars:


Innate Abilities, Weirdness & Mutations

You have a beak for a mouth.
You have claws for feet.


Message History

You see here a club.
You see here a mace.
A rat comes into view.
Found a scroll labeled YTYM QEISCH.
You slash the rat!
You kill the rat!
No target in view!
No target in view!
No target in view!
You see here a rat corpse.
You butcher the rat corpse.
Z - a chunk of flesh You see here a rat skeleton.
g - 2 scrolls labeled YTYM QEISCH (gained 1)
You now have 33 gold pieces (gained 12).
d - 2 bread rations (gained 1)
A kobold comes into view. It is wielding a dagger of venom.
The kobold shouts!
A bat comes into view.
The bat hits you but does no damage. The bat closely misses you.
You closely miss the bat. The bat barely misses you.
You barely miss the kobold. Your kick misses the kobold.
The bat completely misses you. The kobold hits you but does no damage.
The bat hits you but does no damage.
You barely miss the kobold. You claw the kobold. You peck the kobold.
You kill the kobold!
The bat completely misses you. The bat misses you.
The bat hits you but does no damage. The bat hits you but does no damage.
You closely miss the bat. You claw the bat.
You kill the bat!
No target in view!
No target in view!
You see here a bat corpse.
Done exploring.
Done exploring.
(D) Dungeon
Where to? (? - help)
What level of the Dungeon? (default 1, ? - help)
You see here a rat skeleton.
You see here a dagger.
A bat comes into view.
The bat closely misses you.
You hit the bat.
You kill the bat!
Your Long Blades skill increases to level 3!
No target in view!
No target in view!
Are you sure you want to abandon this character and quit the game? (Confirm with "yes".)

............................#
###.#.........######........#
#.............########..#####
..#.##.....)...........##
..#.#...)......#.....###
..........##.#.#.....#
..#(##.....#.#.......#
.##÷##.....#.###.....###
....##.......# #@..>...#
....##....#..###.†...#.##
.....#.......##.........#
.....###.#.#.##.........##
.....# #.#.#.............##
....## #...###............#
....## #..#.............#.#####
.....# #....##.######.........#
.....###..####.######)........#


There were no monsters in sight!

Vanquished Creatures
  A dart slug (D:1)
  4 giant cockroaches (D:1)
  A hobgoblin (D:1)
  3 bats (D:1)
  A giant newt (D:1)
  3 goblins (D:1)
  2 kobolds (D:1)
  3 rats (D:1)
18 creatures vanquished.

Notes
Turn   | Place    | Note
--------------------------------------------------------------
     0 | D:1      | dorian the Tengu Skald began the quest for the Orb.
     0 | D:1      | Reached XP level 1. HP: 12/12 MP: 4/4
     4 | D:1      | Noticed an electric eel
     4 | D:1      | Noticed an electric eel
    54 | D:1      | HP: 4/12 [kobold/whip (6)]
   359 | D:1      | Reached XP level 2. HP: 14/17 MP: 6/6
   406 | D:1      | HP: 8/17 [goblin/whip (7)]
   421 | D:1      | HP: 8/17 [giant newt (1)]
   581 | D:1      | Reached skill level 2 in Dodging
   832 | D:1      | Reached skill level 3 in Long Blades
   833 | D:1      | Quit the game

Skill      XL: |  1  2 |
---------------+-------+-----
Dodging        | 2 |  2.0
Long Blades    | 3 |  3.0
Fighting       | |  2.0
Armour         | |  1.1
Spellcasting   | |  2.0
Charms         | |  2.4

Action                   || total
-------------------------++-------
Melee: Falchion          ||    43
       Kick              ||     9
       Peck              ||     5
 Stab: Sleeping          ||     2
Armor: Leather armour    ||     8
Dodge: Dodged            ||    24
